 Dungeon Crawl Stone Soup version 0.28.0-53-g5a82cb258f (webtiles) character file.

Game seed: 1507516401304108398

32 Gabide the Conjurer (level 2, -5/24 HPs)
             Began as a Demigod Conjurer on June 27, 2022.
             Slain by Terence
             ... wielding a +3 flail of protection
              (11 damage)
             ... on level 2 of the Dungeon.
             The game lasted 00:01:45 (1660 turns).

Gabide the Conjurer (Demigod Conjurer)              Turns: 1660, Time: 00:01:46

Health: -5/24      AC:  2    Str:  8    XL:     2   Next: 96%
Magic:  7/7        EV: 12    Int: 20    God:
Gold:   68         SH:  0    Dex: 18    Spells: 1/4 levels left

rFire   . . .      SeeInvis .   a - +0 dagger
rCold   . . .      Faith    .   (no shield)
rNeg    . . .      Spirit   .   A - +0 robe
rPois   +          Reflect  .   (no helmet)
rElec   .          Harm     .   (no cloak)
rCorr   .          Rampage  .   (no gloves)
Will    .....                   (no boots)
Stlth   ++........              (no amulet)
HPRegen 0.08/turn               b - ring of poison resistance
MPRegen 0.10/turn               e - +6 ring of dexterity

@: no status effects
A: high MP 1, forlorn, divine attributes
a: no special abilities


You were on level 2 of the Dungeon.
You visited 1 branch of the dungeon, and saw 2 of its levels.

You collected 68 gold pieces.

Inventory:

Hand Weapons
 a - a +0 dagger (weapon)
Armour
 A - a +0 robe (worn)
Jewellery
 b - a ring of poison resistance (left hand)
 c - a ring of ice
 e - a +6 ring of dexterity (right hand)


   Skills:
 + Level 1.8 Fighting
 + Level 2.0 Dodging
 - Level 1.7 Stealth
 + Level 1.9 Spellcasting
 * Level 3.8 Conjurations


You had one spell level left.
You knew the following spells:

 Your Spells              Type           Power      Damage    Failure   Level
a - Magic Dart            Conj           68%        1d6       3%          1
b - Searing Ray           Conj           34%        2d5       4%          2

Your spell library contained the following spells:

 Spells                   Type           Power      Damage    Failure   Level
 Dazzling Flash           Conj/Hex       18%        N/A       22%         3
 Fulminant Prism          Conj/Hex       4%         3d6       58%         4
 Iskenderun's Mystic Bla  Conj/Tloc      9%         2d4       58%         4


Dungeon Overview and Level Annotations

Branches:
Dungeon (2/15)

Annotations:
D:2 Terence


Innate Abilities, Weirdness & Mutations

You have an increased reservoir of magic. (+10% MP)
You shall have no god before yourself.
Your divine heritage dramatically boosts your attributes as you level up.


Message History

The magic dart hits the hobgoblin.
You kill the hobgoblin!
Your Dodging skill increases to level 2!
The magic dart hits the kobold.
The kobold is moderately wounded.
The magic dart hits the kobold.
The kobold is severely wounded.
The magic dart hits the kobold.
You kill the kobold!
Terence the Incautious comes into view.
He is wielding a +3 flail of protection.
Terence is nearby!
The magic dart hits Terence but does no damage.
Unknown command.
Unknown command.
Terence hits you with a +3 flail of protection.
Casting: Magic Dart (safe; 3% risk of failure)
Confirm with . or Enter, or press ? or * to list all spells.
Aiming: Searing Ray (safe; 4% risk of failure)
Press: ? - help, Shift-Dir - straight line, f/p - Terence
Aim: Terence, wielding a +3 flail of protection and wearing a +0 chain mail (84% to hit)
The searing ray hits Terence but does no damage. (Press . to maintain the ray.) Terence hits you with a +3 flail of protection.
The searing ray hits Terence but does no damage.
Terence hits you with a +3 flail of protection.
The searing ray hits Terence but does no damage.
Terence hits you with a +3 flail of protection!
* * * LOW HITPOINT WARNING * * *
Terence says, "Don't bother to defend, it's senseless."
You see here a +0 ring mail.
You see here a +0 dagger.
As you read the scroll labelled HIBUAQAWYQ, it crumbles to dust.
It is a scroll of amnesia.
Really abort (and waste the scroll)?
Okay, then.
Terence closely misses you.
You aren't carrying any potions.
You see here a quokka skeleton.
Terence hits you with a +3 flail of protection!
You die...

#....[. #.##### ###
#.# # #.########
#.# # #........#
#.# # #.#.####.#
#.# # #.#.##.# #.#
#<#....# ########.#
#.#.##@# #......).#
#.#.##@# #.######.#
..#.##.###.########
....##............
###########.#######
.........#
.........#
#######..# ####


You could see Terence.

Vanquished Creatures
  A dart slug (D:1)
  3 ball pythons (D:1)
  2 endoplasms (D:1)
  A giant cockroach (D:1)
  3 goblins
  5 hobgoblins
  2 jackals (D:1)
  2 quokkas
  A bat (D:1)
  2 frilled lizards (D:1)
  2 kobolds
  2 rats
26 creatures vanquished.

Notes
Turn   | Place    | Note
-------+----------+-------------------------------------------
     0 | D:1      | Gabide the Demigod Conjurer began the quest for the Orb.
     0 | D:1      | Reached XP level 1. HP: 14/14 MP: 5/5
   119 | D:1      | Reached skill level 1 in Fighting
   432 | D:1      | Reached XP level 2. HP: 23/23 MP: 2/7
   499 | D:1      | Learned a level 2 spell: Searing Ray
  1598 | D:2      | Noticed Terence
  1604 | D:2      | HP: 1/24 [Terence/+3 flail of protection (11)]
  1660 | D:2      | Slain by Terence

Illustrated notes

Levels and vault maps discovered:
D:1:      elethiomel_arrival_maze, layout_basic, minmay_shallow_snake_nest
D:2:      layout_basic, basic_altar, shapermc_ecumenical_altar_flowoftime,
          uniq_terence

Skill      XL: |  1  2 |
---------------+-------+-----
Fighting       | 1 |  1.8
Dodging        | 2 |  2.0
Stealth        | |  1.7
Spellcasting   | |  1.9
Conjurations   | |  3.8

Action                   || total
-------------------------++-------
Melee: Unarmed           ||     9
 Cast: Magic Dart        ||    54
       Searing Ray       ||     1
  Use: Scroll            ||     1
Armor: Robe              ||     3
Dodge: Dodged            ||    14
